AoeStats
← WasserLasser

Arena

508929950Analyzed
4v4 RM · 8d ago on Sep 24, 2026· 52m 31s· 8 players
Game mode
Random Map
Map size
Large (8 player)
Population
200
Speed
Normal
Resources
Standard
Victory
Conquest
Starting age
Dark Age
Ending age
Imperial Age
RankedLock teamsTeams togetherTeam positionsShared explorationLock speedFull tech treeHidden civsTurbo modeCheats
Victory
Defeat
🇳🇴 Poles · Norway
1374
+13
🇲🇽 Georgians · Mexico
1366
+13
🇨🇳 Hindustanis · China
1293
+16
🇹🇷 Cumans · Türkiye
1274
+18
🇧🇪 Saxons · Belgium
1338
-16
🇩🇪 Persians · Germany
1316
-15
🇫🇷 Celts · France
1307
-15
🇩🇪 Byzantines · Germany
1270
-14
jawsy_
8:40 Loom
11:05 Feudal Age
12:41 Double-Bit Axe
15:39 Castle Age
13:22 Horse Collar
17:25 Bow Saw
17:18 Heavy Plow
21:48 Wheelbarrow
22:47 Gold Mining
23:57 Stone Mining
28:16 Imperial Age
25:51 Scale Mail Armor
26:02 Forging
26:10 Pikeman
26:36 Gambesons
26:37 Arson
27:11 Chain Mail Armor
28:06 Stone Shaft Mining
28:09 Gold Shaft Mining
28:53 Iron Casting
28:38 Hand Cart
28:35 Halberdier
29:50 Plate Mail Armor
29:56 Ballistics
30:36 Chemistry
31:17 Blast Furnace
31:09 Furor Celtica
31:20 Conscription
31:17 Heavy Scorpion
36:43 Siege Engineers
Banana Joe
9:58 Feudal Age
13:59 Castle Age
12:14 Double-Bit Axe
13:03 Horse Collar
16:53 Bow Saw
17:26 Fervor
23:54 Heavy Plow
26:54 Wheelbarrow
27:09 Wheelbarrow
31:27 Imperial Age
29:08 Gold Mining
29:56 Scale Barding Armor
30:02 Forging
29:45 Loom
30:30 Hand Cart
30:29 Fletching
30:39 Murder Holes
32:08 Chain Barding Armor
32:11 Conscription
32:25 Masonry
32:30 Husbandry
32:40 Bloodlines
33:09 Iron Casting
33:24 Town Watch
34:16 Plate Barding Armor
33:53 Bodkin Arrow
34:59 Blast Furnace
34:34 Kamandaran
34:47 Citadels
34:16 Crossbowman
34:58 Padded Archer Armor
35:56 Ballistics
36:37 Chemistry
35:41 Pikeman
36:21 Squires
36:22 Scale Mail Armor
36:40 Thumb Ring
36:51 Leather Archer Armor
37:09 Architecture
36:55 Elite War Elephant
37:27 Halberdier
42:07 Chain Mail Armor
44:08 Ring Archer Armor
44:28 Stone Mining
49:09 Plate Mail Armor
Ultrakiller
10:37 Feudal Age
11:25 Double-Bit Axe
11:23 Horse Collar
12:12 Loom
17:15 Castle Age
18:25 Bow Saw
24:23 Heavy Plow
26:27 Wheelbarrow
25:46 Gold Mining
27:17 Town Watch
27:48 Stone Mining
29:31 Gold Shaft Mining
31:38 Imperial Age
29:15 Squires
29:00 Arson
29:40 Fortified Wall
29:20 Pikeman
29:45 Arson
30:03 Scale Mail Armor
31:08 Chain Mail Armor
31:04 Forging
31:52 Ballistics
32:08 Hand Cart
31:56 Town Patrol
31:57 Capped Ram
33:09 Plate Mail Armor
32:01 Halberdier
32:14 Shield Wall
33:14 Conscription
33:37 Siege Engineers
33:25 Fletching
34:05 Conscription
34:44 Iron Casting
34:05 Bodkin Arrow
35:56 Chemistry
36:16 Crop Rotation
35:59 Siege Ram
37:10 Masonry
38:28 Man-at-Arms
38:54 Gambesons
38:50 Elite Varangian Guard
39:59 Bracer
40:36 Hoardings
46:38 Architecture
47:33 Murder Holes
47:22 Treadmill Crane
49:17 Elite Hearth Troop
WasserLasser
10:30 Feudal Age
9:11 Loom
14:16 Castle Age
13:18 Loom
13:32 Double-Bit Axe
13:29 Horse Collar
15:38 Bow Saw
17:25 Fletching
21:10 Wheelbarrow
24:45 Imperial Age
25:54 Gold Mining
27:58 Fortified Wall
33:03 Bodkin Arrow
34:57 Crossbowman
36:11 Elite Skirmisher
36:56 Thumb Ring
37:32 Guard Tower
38:02 Ballistics
49:22 Heavy Plow
.|.
10:18 Feudal Age
14:08 Castle Age
12:19 Double-Bit Axe
12:41 Horse Collar
15:04 Wheelbarrow
16:38 Bow Saw
24:36 Hand Cart
24:07 Loom
24:58 Heavy Plow
28:35 Imperial Age
27:01 Murder Holes
27:25 Svan Towers
27:17 Gold Mining
27:19 Stone Mining
27:19 Town Watch
27:53 Fletching
28:14 Forging
28:10 Scale Barding Armor
28:46 Ballistics
28:18 Guard Tower
28:57 Treadmill Crane
29:27 Town Patrol
29:23 Bodkin Arrow
30:04 Iron Casting
31:51 Chemistry
31:27 Keep
30:38 Arrowslits
31:35 Parthian Tactics
32:09 Stone Shaft Mining
32:28 Conscription
32:13 Aznauri Cavalry
33:31 Crop Rotation
32:32 Heavy Cavalry Archer
33:15 Pikeman
33:56 Squires
34:01 Elite Skirmisher
34:43 Bracer
34:43 Padded Archer Armor
37:55 Leather Archer Armor
38:40 Blast Furnace
37:42 Scale Mail Armor
37:48 Onager
39:08 Chain Barding Armor
39:07 Fortified Wall
42:10 Chain Mail Armor
45:27 Heavy Scorpion
46:07 Gambesons
46:08 Arson
48:11 Halberdier
49:22 Plate Mail Armor
51:33 Plate Barding Armor
gonzavertigo
7:21 Loom
11:52 Feudal Age
12:38 Double-Bit Axe
13:48 Horse Collar
16:26 Stone Mining
19:50 Castle Age
18:47 Forging
20:53 Bow Saw
20:49 Fletching
21:13 Bloodlines
22:22 Gold Mining
28:27 Wheelbarrow
27:52 Bodkin Arrow
28:51 Ballistics
30:21 Hand Cart
32:40 Gold Shaft Mining
34:46 Imperial Age
32:42 Padded Archer Armor
33:22 Town Watch
33:59 Light Cavalry
34:45 Scale Barding Armor
35:16 Iron Casting
36:48 Two-Man Saw
36:37 Conscription
37:00 Heavy Plow
39:12 Hussar
40:13 Steppe Husbandry
41:09 Crop Rotation
41:11 Elite Kipchak
42:27 Leather Archer Armor
47:55 Ring Archer Armor
48:25 Blast Furnace
47:46 Chain Barding Armor
ManWithScarf
10:16 Feudal Age
10:54 Double-Bit Axe
14:29 Castle Age
12:44 Horse Collar
14:45 Loom
15:10 Heavy Plow
15:26 Bow Saw
23:39 Wheelbarrow
28:43 Imperial Age
27:04 Hand Cart
26:35 Town Watch
26:50 Gold Mining
26:54 Stone Mining
28:21 Bloodlines
28:11 Husbandry
28:19 Scale Barding Armor
28:24 Forging
28:10 Fletching
29:49 Chain Barding Armor
29:57 Conscription
29:04 Light Cavalry
30:15 Ballistics
30:56 Chemistry
30:35 Iron Casting
30:04 Padded Archer Armor
30:44 Masonry
30:50 Fortified Wall
30:23 Winged Hussar
31:17 Bodkin Arrow
31:14 Heavy Mounted Crossbowman
33:48 Lechitic Legacy
33:52 Siege Engineers
35:18 Bracer
36:45 Blast Furnace
36:00 Leather Archer Armor
38:33 Szlachta Privileges
39:03 Hoardings
39:27 Cavalier
胖过
9:52 Feudal Age
13:35 Castle Age
11:51 Double-Bit Axe
12:34 Horse Collar
15:38 Bow Saw
21:20 Gold Mining
23:06 Wheelbarrow
22:33 Stone Mining
24:05 Gold Shaft Mining
25:08 Grand Trunk Road
25:43 Husbandry
25:53 Bloodlines
28:27 Imperial Age
25:43 Loom
27:03 Stone Shaft Mining
27:10 Scale Barding Armor
27:23 Forging
28:47 Chain Barding Armor
28:27 Heavy Camel Rider
29:55 Hand Cart
29:26 Town Watch
31:18 Chemistry
31:07 Conscription
31:40 Shatagni
31:53 Imperial Camel Rider
35:03 Plate Barding Armor
35:02 Ballistics
36:34 Iron Casting
37:51 Light Cavalry
42:06 Two-Man Saw
41:02 Fletching
42:17 Blast Furnace
42:23 Hussar
43:50 Masonry
43:51 Careening
43:44 Murder Holes
43:48 Bodkin Arrow
45:53 Caravan
48:24 Bracer
48:25 Padded Archer Armor
Connection lost

Rejoining the realm…

Still unreachable

The connection could not be restored.

Session expired

The server has moved on; the page needs a fresh start.